 Dungeon Crawl Stone Soup version 0.31-a0-544-gceb718ecc6 (webtiles) character file.

Game seed: 7103876025628662082

1316 IdlyInterested the Fighter (level 8, -5/69 (71) HPs)
             Began as a Demonspawn Gladiator on Aug 15, 2023.
             Was an Initiate of Hepliaklqana.
             Slain by a wight
             ... wielding a +4 spear
              (6 damage)
             ... on level 6 of the Dungeon.
             The game lasted 00:17:44 (4925 turns).

IdlyInterested the Fighter (Demonspawn Gladiator)   Turns: 4925, Time: 00:17:45

HP:   -5/69 (71)    AC: 11    Str: 17    XL:     8   Next: 33%
MP:   0/9           EV: 10    Int:  9    God:    Hepliaklqana [......]
Gold: 378           SH:  0    Dex: 15    Spells: 7/9 levels left

rFire   + . .        a - +0 rapier
rCold   . . .        (no shield)
rNeg    . . .        j - +1 scale mail {rF+}
rPois   .            E - +0 helmet
rElec   .            (no cloak)
rCorr   .            B - +0 pair of gloves
SInv    .            (no boots)
Will    .....        s - amulet of guardian spirit
Stlth   +            (no ring)
HPRegen 0.31/turn    (no ring)
MPRegen 0.11/turn

%: guardian spirit
@: mighty, lightly drained
A: icy blue scales 1, demonic guardian 2, foul stench 1
a: Renounce Religion


You were on level 6 of the Dungeon.
You worshipped Hepliaklqana.
Hepliaklqana was noncommittal.
You visited 2 branches of the dungeon, and saw 7 of its levels.

You collected 378 gold pieces.

Inventory:

Hand Weapons
 a - a +0 rapier (weapon)
 b - a +2 dagger of speed
 t - a +0 rapier
 y - a +0 morningstar
Missiles
 d - 3 throwing nets
 i - 9 stones (quivered)
 z - 10 poisoned darts
 D - 2 boomerangs
Armour
 f - an orb of energy
 j - a +1 scale mail of fire resistance (worn)
 B - a +0 pair of gloves (worn)
 E - a +0 helmet (worn)
Magical Staves
 k - a staff of fire
 r - a staff of earth
Jewellery
 o - a ring of fire
 s - an amulet of guardian spirit (around neck)
Talismans
 l - a beast talisman
Scrolls
 u - a scroll of teleportation
 v - 3 scrolls of immolation
 w - 3 scrolls of amnesia
 x - a scroll of blinking
 C - a scroll of torment {unknown}
Potions
 c - a potion of lignification
 g - a potion of resistance
 m - a potion of mutation
 n - a potion of cancellation
 p - 2 potions of invisibility
 q - a potion of attraction


   Skills:
 * Level 9.2 Fighting
 - Level 3.0 Short Blades
 - Level 1.7 Throwing
 + Level 0.9 Armour
 - Level 3.0 Dodging
 - Level 2.0 Stealth
 - Level 1.0 Spellcasting
 - Level 1.0 Summonings
 - Level 2.0 Invocations
 - Level 1.0 Evocations
 - Level 1.0 Shapeshifting


You had 7 spell levels left.
You knew the following spells:

 Your Spells              Type           Power      Damage    Failure   Level
a - Call Imp              Summ           4%         N/A       78%         2

Your spell library contained the following spells:

 Spells                   Type           Power      Damage    Failure   Level
 Magic Dart               Conj           0%         1d3       78%         1
 Mephitic Cloud           Conj/Pois/Air  0%         N/A       98%         3


Dungeon Overview and Level Annotations

Branches:
Dungeon (6/15)             Temple (1/1) D:4

Altars:
Ashenzari
Cheibriados
Dithmenos
Fedhas
Hepliaklqana
Kikubaaqudgha
Nemelex Xobeh
Okawaru
Qazlal
Ru
Sif Muna
Trog
Uskayaw
Wu Jian
Xom
Yredelemnul


Innate Abilities, Weirdness & Mutations

You are partially covered in icy blue scales. (AC +2)
A demonic guardian rushes to your aid.
You may rarely emit foul miasma when damaged in melee.


Message History

The wight hits you with a +3 scimitar!
* * * LOW HITPOINT WARNING * * *
The wight closely misses you.
You puncture the wight!
You destroy the wight!
The wight hits you from afar with a +4 spear.
* * * LOW HITPOINT WARNING * * *
Okay, then.
The wight attacks as you move away! The wight hits you with a +0 flail.
* * * LOW HITPOINT WARNING * * *
Found 2 stones.
You hit the wight.
The wight is moderately damaged.
The wight hits you with a +0 flail!
* * * LOW HITPOINT WARNING * * *
A demonic guardian appears!
You feel drained.
* * * LOW HITPOINT WARNING * * *
The wight hits you with a +0 flail.
* * * LOW HITPOINT WARNING * * *
The wight attacks as you move away! The wight hits you but does no damage.
Your orange demon stings the wight from afar!
You hit the wight.
You destroy the wight!
You barely miss the orc.
Your orange demon stings the orc.
The orc looks as sick as possible!
Your orange demon poisons the orc!
Your orange demon barely misses the orc.
The orc hits your orange demon but does no damage.
You puncture the orc!
You kill the orc!
Your orange demon barely misses the wight.
The wight closely misses you.
Your orange demon stings the wight but does no damage.
Your orange demon stings the wight.
Your orange demon hits the wight but does no damage.
The wight hits you from afar with a +4 spear.
* * * LOW HITPOINT WARNING * * *
Your orange demon barely misses the wight.
Your orange demon closely misses the wight.
The wight hits you from afar with a +4 spear!
You die...

................#
................#
##z.........#
######...........#
#...##...........#
#..z##............
#..z.).)...(......
##.4#####..........
#.@..#####.........
#.....##......##..##
#..........)<.# ..#
####...##..)?......#
#(.###........$..
.................
...).#..##...#.#
....###. ...# # ...
## ...#


You could see 2 wights and a friendly orange demon (summoned).

Vanquished Creatures
  Pikel (D:5)
  An ice beast (D:5)
  A scorpion (D:4)
  3 wights (D:6)
  3 hounds (D:5)
  A jelly (D:6)
  2 orc priests (D:6)
  3 iguanas
  6 adders
  An ufetubus (D:5)
  2 worms
  3 dart slugs
  14 orcs
  6 endoplasms
  6 giant cockroaches
  10 goblins
  3 hobgoblins
  4 jackals (D:2)
  5 quokkas
  7 ball pythons
  6 bats
  2 frilled lizards (D:1)
  6 kobolds
  5 rats (D:1)
101 creatures vanquished.

Vanquished Creatures (collateral kills)
  A phantom (D:5)
  A jelly (D:5)
  An iguana (D:4)
  A worm (D:4)
  An endoplasm (D:1)
5 creatures vanquished.

Grand Total: 106 creatures vanquished

Notes
Turn   | Place    | Note
-------+----------+-------------------------------------------
     0 | D:1      | IdlyInterested the Demonspawn Gladiator began the quest for
                  | the Orb.
     0 | D:1      | Reached XP level 1. HP: 16/16 MP: 1/1
   134 | D:1      | Gained mutation: A weak demonic guardian rushes to your
                  | aid. [demonic ancestry]
   134 | D:1      | Reached XP level 2. HP: 17/23 MP: 2/2
   383 | D:1      | Reached skill level 3 in Fighting
   716 | D:2      | Reached XP level 3. HP: 25/29 MP: 3/3
  1744 | D:3      | Gained mutation: You may rarely emit foul miasma when
                  | damaged in melee. [demonic ancestry]
  1744 | D:3      | Reached XP level 4. HP: 18/37 MP: 4/4
  2098 | D:3      | Reached skill level 1 in Stealth
  2556 | D:4      | Reached skill level 4 in Fighting
  2756 | D:4      | Found a staircase to the Ecumenical Temple.
  2787 | D:4      | Gained mutation: You are partially covered in icy blue
                  | scales. (AC +2) [demonic ancestry]
  2787 | D:4      | Reached XP level 5. HP: 3/43 MP: 0/5
  2940 | Temple   | Entered the Ecumenical Temple
  3212 | D:4      | Found a sparkling altar of Nemelex Xobeh.
  3246 | D:4      | Reached skill level 5 in Fighting
  3330 | D:4      | Reached skill level 1 in Summonings
  3826 | Temple   | Became a worshipper of Hepliaklqana the Forgotten
  3919 | D:4      | Learned a level 2 spell: Call Imp
  3944 | D:5      | Entered Level 5 of the Dungeon
  4123 | D:5      | Noticed Pikel
  4125 | D:5      | Reached XP level 6. HP: 42/51 MP: 6/6
  4145 | D:5      | Killed Pikel
  4146 | D:5      | Reached skill level 7 in Fighting
  4146 | D:5      | Reached skill level 1 in Spellcasting
  4146 | D:5      | Reached XP level 7. HP: 26/60 MP: 3/8
  4168 | D:5      | Reached skill level 8 in Fighting
  4326 | D:5      | Reached skill level 1 in Shapeshifting
  4452 | D:5      | Gained mutation: A demonic guardian rushes to your aid.
                  | [demonic ancestry]
  4452 | D:5      | Reached XP level 8. HP: 63/69 MP: 7/9
  4651 | D:5      | Reached skill level 1 in Evocations
  4708 | D:5      | Found an iron altar of Okawaru.
  4862 | D:6      | Reached skill level 1 in Invocations
  4913 | D:6      | Reached skill level 9 in Fighting
  4918 | D:6      | HP: 3/67 [wight/+0 flail (3)]
  4918 | D:6      | HP: 1/67 [wight/+0 flail (2)]
  4924 | D:6      | HP: 1/69 [wight/+4 spear (2)]
  4925 | D:6      | Slain by a wight

Illustrated notes

Levels and vault maps discovered:
D:1:      minmay_arrival_shoal_huts, layout_basic
D:2:      layout_basic
D:3:      layout_loops_cross, grunt_ministairs_6, minmay_misc_feat_chi
D:4:      layout_loops_ring, nicolae_overflow_hidden_temple,
          minmay_temple_entry_mist
D:5:      layout_basic, okawaru_trees_1, uniq_pikel
D:6:      layout_cave_pools
Temple:   minmay_temple_bridge_d

Skill      XL: |  1  2  3  4  5  6  7  8 |
---------------+-------------------------+-----
Short Blades   | 3 |  3.0
Fighting       | 3 4 5 7 8 9 |  9.2
Dodging        | 3 |  3.0
Stealth        | 1 2 |  2.0
Summonings     | 1 |  1.0
Spellcasting   | 1 |  1.0
Shapeshifting  | 1 |  1.0
Evocations     | 1 |  1.0
Invocations    | 2 |  2.0
Throwing       | |  1.7
Armour         | |  0.9

Action                     |  1- 3 |  4- 6 |  7- 9 || total
---------------------------+-------+-------+-------++-------
  Melee: Rapier            |   156 |   180 |   124 ||   460
         Punch             |     2 |     1 |     2 ||     5
  Throw: Stone             |       |    21 |    20 ||    41
         Javelin           |       |       |     1 ||     1
    Use: Scroll            |     4 |     7 |     1 ||    12
         Potion            |       |     3 |     1 ||     4
 Armour: Leather armour    |    23 |       |       ||    23
         Scale mail        |    43 |    89 |    65 ||   197
  Dodge: Dodged            |   113 |   108 |    66 ||   287

Table legend: (Time is in decaauts)
 A = Elapsed time spent in this place.
 B = Non-inter-level travel time spent in this place.
 C = Inter-level travel time spent in this place.
 D = Time resting spent in this place.
 E = Time spent auto-exploring this place.
 F = Levels seen in this place.
 G = Mean time per level.
                   A        B        C        D        E       F      G
               +--------+--------+--------+--------+--------+-----+--------+
         Total |   4944 |   3984 |    960 |    346 |   2370 |   7 |  706.3 |
       Dungeon |   4622 |   3980 |    642 |    346 |   2370 |   6 |  770.3 |
        Temple |    322 |      4 |    318 |      0 |      0 |   1 |  322.0 |
               +--------+--------+--------+--------+--------+-----+--------+

Top non-repeatable levels by time:
     D:4: 1171 daAuts
     D:1: 852 daAuts
     D:3: 847 daAuts
     D:5: 827 daAuts
     D:2: 823 daAuts
  Temple: 322 daAuts
     D:6: 100 daAuts
